 Dungeon Sprint DCSS version 0.30.0-29-ga12c61a403 (webtiles) character file.

Game seed: 10375257547891951394

70 Groucho the Trooper (level 4, -2/42 HPs)
             Began as a Minotaur Cinder Acolyte on June 17, 2023.
             Was a High Priest of Ignis.
             Slain by an iguana (8 damage)
             ... in the Dungeon (Sprint IX: "|||||||||||||||||||||||||||||").
             The game lasted 00:00:56 (286 turns).

Groucho the Trooper (Minotaur Cinder Acolyte)        Turns: 286, Time: 00:00:56

Health: -2/42      AC:  2    Str: 19    XL:     4   Next: 4%
Magic:  2/5        EV: 12    Int: 13    God:    Ignis [*****.]
Gold:   0          SH:  0    Dex:  5    Spells: 6/6 levels left

rFire   + . .        a - -1 hand axe (flame)
rCold   . . .        (no shield)
rNeg    . . .        b - +0 robe
rPois   .            (helmet restricted)
rElec   .            (no cloak)
rCorr   .            (no gloves)
SInv    .            (no boots)
Will    .....        (no amulet)
Stlth   +            (no ring)
HPRegen 0.27/turn    (no ring)
MPRegen 0.09/turn

%: no teleportation
@: no status effects
A: horns 2, retaliatory headbutt
a: Renounce Religion, Fiery Armour, Foxfire Swarm, Rising Flame


You were in the Dungeon.
You worshipped Ignis.
Ignis was extremely pleased with you.
You visited 1 branch

Inventory:

Hand Weapons
 a - a -1 hand axe of flaming (weapon)
Armour
 b - a +0 robe (worn)
Scrolls
 h - a scroll of blinking
Potions
 e - a potion of haste
 f - 2 potions of magic
 g - a potion of berserk rage


   Skills:
 * Level 5.5 Fighting
 * Level 5.5 Axes
 * Level 3.9 Armour
 * Level 3.5 Dodging
 + Level 1.8 Spellcasting
 + Level 2.8 Fire Magic


You had 6 spell levels left.
You didn't know any spells.
Your spell library contained the following spells:

 Spells                   Type           Power      Damage    Failure   Level
 Scorch                   Fire           16%        2d5       12%         2


Dungeon Overview and Level Annotations

Branches:
Dungeon (1/1)

Altars:


Innate Abilities, Weirdness & Mutations

You have a pair of horns on your head.
You reflexively headbutt those who attack you in melee.


Message History

The hound bites you. x2
You hit the hound. You burn the hound.
The hound is heavily wounded.
The hound misses you. x2
You closely miss the hound.
The hound is heavily wounded.
The hound bites you.
You miss the hound.
The hound is heavily wounded.
The hound bites you. The hound barely misses you.
You barely miss the hound.
The hound is heavily wounded.
The hound barely misses you.
You hit the hound. You burn the hound.
The hound is almost dead.
The hound bites you. The hound closely misses you.
You hit the hound but do no damage.
The hound is almost dead.
The hound bites you.
You hit the hound but do no damage.
The hound is almost dead.
The hound closely misses you. The hound completely misses you.
You closely miss the hound.
The hound is almost dead.
The hound bites you.
* * * LOW HITPOINT WARNING * * *
You closely miss the hound. Your punch misses the hound.
The hound is almost dead.
The hound closely misses you. The hound barely misses you.
You furiously retaliate!
You headbutt the hound.
You kill the hound!
Your Dodging skill increases to level 3!
You have reached level 4!
You feel stronger.
You feel better. The iguana bites you!
* * * LOW HITPOINT WARNING * * *
You hit the iguana. You burn the iguana. Your headbutt misses the iguana.
The iguana is lightly wounded.
The iguana bites you!
You die... ▓▓▓▓▓▓▓▓▓▓▓▓▓▓▓▓▓▓ +....ol@...))...<▓ ▓▓▓▓▓▓▓▓▓▓▓▓▓▓▓▓▓▓

You could see an iguana and an orc.

Vanquished Creatures
  A jelly (D)
  A hound (D)
  An ufetubus (D)
  A bat (D)
  3 kobolds (D)
  A rat (D)
8 creatures vanquished.

Notes
Turn   | Place    | Note
-------+----------+-------------------------------------------
     0 | D        | Groucho the Minotaur Cinder Acolyte began the quest for the
                  | Orb.
     0 | D        | Reached XP level 1. HP: 19/19 MP: 1/1
    10 | D        | Reached skill level 1 in Armour
    13 | D        | Reached skill level 1 in Dodging
   261 | D        | Noticed an iguana
   261 | D        | Noticed a hound
   261 | D        | Noticed a jelly
   268 | D        | Killed a jelly
   269 | D        | Reached skill level 5 in Axes
   269 | D        | Reached XP level 2. HP: 28/28 MP: 1/3
   269 | D        | Reached XP level 3. HP: 35/35 MP: 1/4
   273 | D        | Reached skill level 5 in Fighting
   285 | D        | Reached XP level 4. HP: 12/42 MP: 2/5
   286 | D        | Slain by an iguana

Illustrated notes

Levels and vault maps discovered:
D:        linesprint [early_d, line_temple, items_1, d_10, items_2, lair_1,
          lair_end, items_3, orc_1, orc_end, items_4, d_15, swamp_1, shoals_1,
          snake_1, spider_1, d_20, vaults_1, items_5, swamp_end, shoals_end,
          snake_end, spider_end, vaults_end, d_27, items_6, zot_1, zot_end,
          crypt_end, forest_end, elf_end, slime_end, tomb_end, abyss_end,
          pan_hell_end]

Skill      XL: |  1  2  3 |
---------------+----------+-----
Armour         | 3 |  3.9
Dodging        | 2 3 |  3.5
Fighting       | 4 5 |  5.5
Axes           | 5 |  5.5
Spellcasting   | |  1.8
Fire Magic     | |  2.8

Action                     |  1- 3 |  4- 6 || total
---------------------------+-------+-------++-------
  Melee: Hand axe          |    40 |     1 ||    41
         Headbutt          |     2 |       ||     2
    Use: Potion            |     1 |     1 ||     2
 Armour: Robe              |     7 |       ||     7
  Dodge: Dodged            |    30 |       ||    30
